Predators vs Canadiens
Created - 17 février 2013 at 18:57
Goals
|
| Predators |
2 |
0 |
1 |
3 |
| Canadiens |
3 |
1 |
0 |
4 |
|
Shots
|
| Predators |
21 |
9 |
8 |
38 |
| Canadiens |
15 |
8 |
10 |
33 |
|
1st period
1. Canadiens , Mike York 12 (Robert Nilsson, Marek Svatos) at 6:23 (PP)
2. Predators , Alexander Steen 6 (Ryan Mcdonagh, Michael Grabner) at 9:39 (PP)
3. Predators , Mike Sillinger 19 (Adrian Aucoin, Chris Simon) at 15:10
4. Canadiens , Tomas Holmstrom 9 (Richard Zednik) at 17:22 (PP)
5. Canadiens , Mike York 13 (Robert Nilsson) at 19:59
Penalties :
Michael Grabner (Nas) for Tripping (Minor) at 6:09, Ryane Clowe (Mon) for Roughing (Minor) at 8:46, Barret Jackman (Nas) for Boarding (Minor) at 10:30, Ryane Clowe (Mon) for Hooking (Minor) at 12:58, Barret Jackman (Nas) for Cross-checking (Minor) at 12:58, Joe Thornton (Nas) for Holding Stick (Minor) at 16:38
2nd period
6. Canadiens , Viktor Kozlov 11 (Tomas Holmstrom) at 15:48
Penalties :
Mike York (Mon) for Holding (Minor) at 11:18
3rd period
7. Predators , Michael Grabner 5 (Barret Jackman, Kent Huskins) at 5:46
Penalties :
Michael Grabner (Nas) for Interference (Minor) at 5:51, Joe Thornton (Nas) for Holding (Minor) at 8:40, Ryane Clowe (Mon) for Hooking (Minor) at 12:27, Tomas Kloucek (Mon) for Cross-checking (Minor) at 15:19, Paul Mara (Nas) for Kneeing (Major) at 18:55
Goalie Stats
Nikolai Khabibulin (Nas), 29 saves from 33 shots - (0,879), L, 3-5-3, 60:00 minutes
Kari Lehtonen (Mon), 35 saves from 38 shots - (0,921), W, 11-12-3, 60:00 minutes
Players Stats for Predators
Player Name G A P +/- PIM S H SB GA TA FO MP PP MP PK MP
------------------------------------------------------------------------------------
Adrian Aucoin 0 1 1 2 0 1 0 1 1 1 0/0 27:52 5:12 4:20
Alexander Ovechkin 0 0 0 0 0 9 1 1 2 0 0/0 22:13 4:23 0:29
Alexander Steen 1 0 1 0 0 3 1 0 2 0 0/0 14:45 1:42 1:02
Barret Jackman 0 1 1 0 4 2 0 0 0 0 0/0 16:23 0:41 2:12
Chris Simon 0 1 1 1 0 0 2 1 0 0 0/0 14:57 0:24 5:05
Jean-Pierre Dumont 0 0 0 0 0 4 0 0 0 0 0/0 16:40 4:49 0:00
Joe Thornton 0 0 0 0 4 4 1 2 0 0 23/39 21:06 4:21 0:00
Kent Huskins 0 1 1 0 0 3 1 1 0 0 0/0 17:53 0:41 3:06
Mariusz Czerkawski 0 0 0 -1 0 0 0 0 0 0 0/0 6:54 0:12 0:00
Michael Grabner 1 1 2 0 4 1 2 0 0 0 0/0 16:26 1:23 0:00
Mikael Samuelsson 0 0 0 1 0 0 1 0 0 0 1/1 9:38 0:00 0:00
Mike Ribeiro 0 0 0 0 0 3 2 0 0 0 5/8 13:55 1:49 0:06
Mike Sillinger 1 0 1 1 0 2 1 0 0 0 7/14 15:17 0:41 5:05
Oleg Saprykin 0 0 0 -1 0 0 1 0 1 0 0/1 9:33 0:46 2:25
Paul Mara 0 0 0 -2 5 0 0 0 0 0 0/0 14:16 0:57 0:06
Robyn Regehr 0 0 0 2 0 3 1 2 0 0 0/0 26:07 5:12 4:14
Ryan Mcdonagh 0 1 1 -2 0 3 2 1 0 0 0/0 17:22 0:57 1:27
Todd White 0 0 0 -1 0 0 0 0 0 0 1/2 8:38 0:00 2:19
Players Stats for Canadiens
Player Name G A P +/- PIM S H SB GA TA FO MP PP MP PK MP
------------------------------------------------------------------------------------
Duncan Keith 0 0 0 -1 0 4 2 2 1 1 0/0 27:32 4:19 4:32
Éric Desjardins 0 0 0 -1 0 2 0 4 0 1 0/0 27:32 4:19 4:32
Jeff Woywitka 0 0 0 0 0 0 3 0 0 1 0/0 20:29 3:40 2:18
Marek Svatos 0 1 1 1 0 4 1 0 0 0 1/1 19:21 4:48 0:00
Michel Ouellet 0 0 0 -1 0 4 2 0 0 0 0/0 7:46 0:00 0:00
Mike York 2 0 2 1 2 4 1 1 0 1 2/3 20:59 4:48 1:33
Patrick Eaves 0 0 0 0 0 0 2 2 0 0 0/0 10:48 0:00 1:10
Richard Zednik 0 1 1 0 0 0 1 0 0 1 0/0 14:32 3:11 0:00
Robert Nilsson 0 2 2 1 0 1 0 0 0 0 16/38 24:33 4:48 4:14
Ryan Bayda 0 0 0 -1 0 0 2 0 0 0 0/0 8:47 0:00 0:30
Ryane Clowe 0 0 0 0 6 1 0 1 0 0 0/0 9:49 0:00 0:00
Shane O'Brien 0 0 0 1 0 0 1 0 0 0 0/0 11:16 0:00 0:00
Tomas Holmstrom 1 1 2 0 0 4 2 1 0 0 1/1 14:32 3:11 0:00
Tomas Kloucek 0 0 0 1 2 1 0 1 0 0 0/0 12:24 0:00 0:00
Tyler Arnason 0 0 0 0 0 3 1 0 0 0 1/8 12:12 0:00 2:00
Tyler Sloan 0 0 0 0 0 2 1 1 0 1 0/0 20:29 3:40 2:18
Viktor Kozlov 1 0 1 0 0 3 1 2 0 0 5/12 20:16 3:11 4:10
Yan Stastny 0 0 0 -1 0 0 0 0 0 0 2/2 7:49 0:00 0:03
3 Stars
1 - Mike York (Mon)
2 - Tomas Holmstrom (Mon)
3 - Mike Sillinger (Nas)
Power Play
Predators - 1 on 4 Attempt(s) - 25,00%
Canadiens - 2 on 6 Attempt(s) - 33,33%
Penalty Kill
Predators - 4 on 6 Attempt(s) - 66,67%
- Score 0 goal in Penalty Kill
Canadiens - 3 on 4 Attempt(s) - 75,00%
- Score 0 goal in Penalty Kill
Official
Referees : Walsh Ian and StLaurent Francois
Linesman : Pierre Champoux and Brad Kovachik
Game Notes
No Game Note
Finance
Level 1 -- Attendance: 5551 (92,52%) -- Ticket Income 499 590 $
Level 2 -- Attendance: 4573 (91,46%) -- Ticket Income 251 515 $
Level 3 -- Attendance: 1838 (91,90%) -- Ticket Income 55 140 $
Level 4 -- Attendance: 3711 (92,78%) -- Ticket Income 63 087 $
Luxury Box -- Attendance: 918 (91,80%) -- Ticket Income 165 240 $
Game was played at the Centre Bell
Total Attendance: 16591 (92,17%)
Total Ticket Income: 1 034 572 $
Total Income: 1 034 572 $
Predators
5 vs 5 Forward
Center Left Wing Right Wing Time % Phy DF OF
1 Joe Thornton Alexander Ovechkin Michael Grabner 40 1 1 3
2 Mike Ribeiro Alexander Steen Jean-Pierre Dumont 30 1 1 3
3 Mike Sillinger Chris Simon Mikael Samuelsson 20 1 2 2
4 Todd White Oleg Saprykin Mariusz Czerkawski 10 1 0 1
5 vs 5 Defense
Defense Defense Time % Phy DF OF
1 Adrian Aucoin Robyn Regehr 40 1 2 2
2 Barret Jackman Kent Huskins 30 1 2 2
3 Paul Mara Ryan Mcdonagh 20 1 2 2
4 Adrian Aucoin Ryan Mcdonagh 10 1 2 2
PowerPlay Forward
Center Left Wing Right Wing Time % Phy DF OF
1 Joe Thornton Alexander Ovechkin Jean-Pierre Dumont 60 0 1 4
2 Mike Ribeiro Alexander Steen Michael Grabner 40 0 1 4
PowerPlay Defense
Defense Defense Time % Phy DF OF
1 Adrian Aucoin Robyn Regehr 60 1 1 3
2 Ryan Mcdonagh Paul Mara 40 1 1 3
Penalty Kill 4 Players Forward
Center Wing Time % Phy DF OF
1 Mike Sillinger Chris Simon 60 1 2 2
2 Todd White Oleg Saprykin 40 1 2 2
Penalty Kill 4 Players Defense
Defense Defense Time % Phy DF OF
1 Adrian Aucoin Robyn Regehr 60 1 2 2
2 Barret Jackman Kent Huskins 40 1 2 2
Penalty Kill - 3 Players Forward
Forward Time % Phy DF OF
1 Joe Thornton 60 1 2 2
2 Alexander Ovechkin 40 1 2 2
Penalty Kill - 3 Players Defense
Defense Defense Time % Phy DF OF
1 Adrian Aucoin Robyn Regehr 60 1 2 2
2 Kent Huskins Barret Jackman 40 1 2 2
4 vs 4 Forward
Center Wing Time % Phy DF OF
1 Joe Thornton Alexander Ovechkin 60 1 2 2
2 Mike Ribeiro Jean-Pierre Dumont 40 1 2 2
4 vs 4 Defense
Defense Defense Time % Phy DF OF
1 Adrian Aucoin Robyn Regehr 60 1 2 2
2 Ryan Mcdonagh Kent Huskins 40 1 2 2
Last Minutes Offensive
Center Left Wing Right Wing Defense Defense
Joe Thornton Alexander Ovechkin Jean-Pierre Dumont Adrian Aucoin Robyn Regehr
Last Minutes Defensive
Center Left Wing Right Wing Defense Defense
Joe Thornton Alexander Ovechkin Jean-Pierre Dumont Adrian Aucoin Ryan Mcdonagh
Goaltenders
Starting : Nikolai Khabibulin
Backup : Rick DiPietro
Extra Forwards
Normal : Jean-Pierre Dumont, Joe Thornton, Alexander Ovechkin - PP : Oleg Saprykin, Mike Sillinger - PK : Alexander Ovechkin
Extra Defensemen
Normal : Paul Mara, Adrian Aucoin, Robyn Regehr - PP : Paul Mara - PK : Ryan Mcdonagh, Paul Mara
Penalty Shots
Alexander Ovechkin, Mike Ribeiro, Joe Thornton, Jean-Pierre Dumont, Mike Sillinger
Canadiens
5 vs 5 Forward
Center Left Wing Right Wing Time % Phy DF OF
1 Robert Nilsson Mike York Marek Svatos 40 1 2 2
2 Viktor Kozlov Tomas Holmstrom Richard Zednik 30 1 2 2
3 Tyler Arnason Ryane Clowe Patrick Eaves 20 1 2 2
4 Yan Stastny Ryan Bayda Michel Ouellet 10 1 2 2
5 vs 5 Defense
Defense Defense Time % Phy DF OF
1 Duncan Keith Éric Desjardins 40 1 2 2
2 Jeff Woywitka Tyler Sloan 30 1 2 2
3 Tomas Kloucek Shane O'Brien 20 1 2 2
4 Duncan Keith Éric Desjardins 10 1 2 2
PowerPlay Forward
Center Left Wing Right Wing Time % Phy DF OF
1 Robert Nilsson Mike York Marek Svatos 60 1 2 2
2 Viktor Kozlov Tomas Holmstrom Richard Zednik 40 1 2 2
PowerPlay Defense
Defense Defense Time % Phy DF OF
1 Duncan Keith Éric Desjardins 60 1 2 2
2 Jeff Woywitka Tyler Sloan 40 1 2 2
Penalty Kill 4 Players Forward
Center Wing Time % Phy DF OF
1 Robert Nilsson Viktor Kozlov 60 1 2 2
2 Mike York Tyler Arnason 40 1 2 2
Penalty Kill 4 Players Defense
Defense Defense Time % Phy DF OF
1 Duncan Keith Éric Desjardins 60 1 2 2
2 Jeff Woywitka Tyler Sloan 40 1 2 2
Penalty Kill - 3 Players Forward
Forward Time % Phy DF OF
1 Robert Nilsson 60 1 2 2
2 Viktor Kozlov 40 1 2 2
Penalty Kill - 3 Players Defense
Defense Defense Time % Phy DF OF
1 Duncan Keith Éric Desjardins 60 1 2 2
2 Jeff Woywitka Tyler Sloan 40 1 2 2
4 vs 4 Forward
Center Wing Time % Phy DF OF
1 Robert Nilsson Viktor Kozlov 60 1 2 2
2 Mike York Tyler Arnason 40 1 2 2
4 vs 4 Defense
Defense Defense Time % Phy DF OF
1 Duncan Keith Éric Desjardins 60 1 2 2
2 Jeff Woywitka Tyler Sloan 40 1 2 2
Last Minutes Offensive
Center Left Wing Right Wing Defense Defense
Robert Nilsson Mike York Marek Svatos Duncan Keith Éric Desjardins
Last Minutes Defensive
Center Left Wing Right Wing Defense Defense
Robert Nilsson Mike York Marek Svatos Duncan Keith Éric Desjardins
Goaltenders
Starting : Kari Lehtonen
Backup : Mikael Tellqvist
Extra Forwards
Normal : Ryane Clowe, Ryan Bayda, Patrick Eaves - PP : Ryane Clowe, Ryan Bayda - PK : Patrick Eaves
Extra Defensemen
Normal : Tomas Kloucek, Shane O'Brien, Jeff Woywitka - PP : Tomas Kloucek - PK : Shane O'Brien, Jeff Woywitka
Penalty Shots
Robert Nilsson, Viktor Kozlov, Mike York, Tyler Arnason, Tomas Holmstrom
% Time on Ice - Predators
Lines # - Real PCT - Wanted PCT - Time Play
Normal Forward
1 - 37% - 40% - 15:59
2 - 26% - 30% - 11:19
3 - 22% - 20% - 9:28
4 - 15% - 10% - 6:18
Normal Defense
1 - 37% - 40% - 15:45
2 - 33% - 30% - 14:12
3 - 28% - 20% - 11:57
4 - 3% - 10% - 1:10
PP Forward
1 - 73% - 60% - 5:01
2 - 27% - 40% - 1:49
PP Defense
1 - 86% - 60% - 5:53
2 - 14% - 40% - 0:57
PK Forward
1 - 71% - 60% - 5:40
2 - 29% - 40% - 2:19
PK Defense
1 - 60% - 60% - 4:47
2 - 40% - 40% - 3:12
PK3 Forward
1 - 0% - 60%
2 - 0% - 40%
PK3 Defense
1 - 0% - 60%
2 - 0% - 40%
44 Forward
1 - 71% - 60% - 1:25
2 - 29% - 40% - 0:34
44 Defense
1 - 47% - 60% - 0:56
2 - 53% - 40% - 1:03
Last Minute Offensive - 0:08
Last Minute Defensive - 0:00
Total
Forward - 60:00
Defense - 60:00
|
% Time on Ice - Canadiens
Lines # - Real PCT - Wanted PCT - Time Play
Normal Forward
1 - 34% - 40% - 14:30
2 - 26% - 30% - 11:22
3 - 22% - 20% - 9:30
4 - 18% - 10% - 7:46
Normal Defense
1 - 38% - 40% - 16:28
2 - 32% - 30% - 13:50
3 - 26% - 20% - 11:10
4 - 4% - 10% - 1:40
PP Forward
1 - 60% - 60% - 4:48
2 - 40% - 40% - 3:11
PP Defense
1 - 54% - 60% - 4:19
2 - 46% - 40% - 3:40
PK Forward
1 - 76% - 60% - 5:12
2 - 24% - 40% - 1:38
PK Defense
1 - 66% - 60% - 4:32
2 - 34% - 40% - 2:18
PK3 Forward
1 - 0% - 60%
2 - 0% - 40%
PK3 Defense
1 - 0% - 60%
2 - 0% - 40%
44 Forward
1 - 71% - 60% - 1:25
2 - 29% - 40% - 0:34
44 Defense
1 - 66% - 60% - 1:18
2 - 34% - 40% - 0:41
Last Minute Offensive - 0:00
Last Minute Defensive - 0:04
Total
Forward - 60:00
Defense - 60:00
|
Play by Play
1st period
0:01 of 1st period - Robert Nilsson wins face-off versus Joe Thornton in neutral zone.
0:10 of 1st period - Éric Desjardins is hit by Joe Thornton.
0:26 of 1st period - Éric Desjardins is hit by Robyn Regehr and loses puck.
0:35 of 1st period - Snap shot by Jean-Pierre Dumont.
0:35 of 1st period - Shot Blocked by Duncan Keith.
0:53 of 1st period - Ryane Clowe is hit by Kent Huskins and loses puck.
1:12 of 1st period - Snap shot by Duncan Keith.
1:12 of 1st period - Stopped by Nikolai Khabibulin with a rebound.
2:40 of 1st period - Wrist shot by Oleg Saprykin.
2:40 of 1st period - Shot Misses the Net.
2:42 of 1st period - Slapshot by Robyn Regehr.
2:42 of 1st period - Deflect By Tyler Arnason.
2:42 of 1st period - Stopped by Kari Lehtonen without a rebound.
2:43 of 1st period - Viktor Kozlov wins face-off versus Joe Thornton in Canadiens zone.
2:52 of 1st period - Wrist shot by Alexander Ovechkin.
2:52 of 1st period - Stopped by Kari Lehtonen without a rebound.
2:53 of 1st period - Joe Thornton wins face-off versus Viktor Kozlov in Canadiens zone.
3:00 of 1st period - Snap shot by Joe Thornton.
3:00 of 1st period - Stopped by Kari Lehtonen without a rebound.
3:01 of 1st period - Mike Ribeiro wins face-off versus Robert Nilsson in Canadiens zone.
3:11 of 1st period - Slapshot by Alexander Steen.
3:11 of 1st period - Stopped by Kari Lehtonen without a rebound.
3:12 of 1st period - Robert Nilsson wins face-off versus Joe Thornton in Canadiens zone.
4:06 of 1st period - Yan Stastny is hit by Mike Sillinger and loses puck.
4:13 of 1st period - Yan Stastny is hit by Ryan Mcdonagh and loses puck.
4:48 of 1st period - Snap shot by Mikael Samuelsson.
4:48 of 1st period - Shot Blocked by Tomas Kloucek.
4:50 of 1st period - Snap shot by Adrian Aucoin.
4:50 of 1st period - Stopped by Kari Lehtonen without a rebound.
4:51 of 1st period - Joe Thornton wins face-off versus Viktor Kozlov in Canadiens zone.
4:58 of 1st period - Slapshot by Tomas Holmstrom.
4:58 of 1st period - Shot Blocked by Alexander Ovechkin.
5:00 of 1st period - Wrist shot by Tomas Holmstrom.
5:00 of 1st period - Shot Misses the Net.
5:02 of 1st period - Slapshot by Éric Desjardins.
5:02 of 1st period - Deflect By Tomas Holmstrom.
5:02 of 1st period - Stopped by Nikolai Khabibulin without a rebound.
5:03 of 1st period - Tomas Holmstrom wins face-off versus Joe Thornton in Predators zone.
5:14 of 1st period - Wrist shot by Alexander Ovechkin.
5:14 of 1st period - Stopped by Kari Lehtonen with a rebound.
5:16 of 1st period - Slapshot by Kent Huskins.
5:16 of 1st period - Shot Misses the Net.
5:18 of 1st period - Slapshot by Kent Huskins.
5:18 of 1st period - Stopped by Kari Lehtonen with a rebound.
5:20 of 1st period - Wrist shot by Joe Thornton.
5:20 of 1st period - Shot Misses the Net.
5:48 of 1st period - Robert Nilsson is hit by Mike Ribeiro and loses puck.
5:55 of 1st period - Snap shot by Marek Svatos.
5:55 of 1st period - Stopped by Nikolai Khabibulin without a rebound.
5:56 of 1st period - Joe Thornton wins face-off versus Tyler Arnason in Predators zone.
6:00 of 1st period - Off-side.
6:01 of 1st period - Joe Thornton wins face-off versus Tyler Arnason in neutral zone.
6:09 of 1st period - Minor Penalty to Michael Grabner for Tripping.
6:10 of 1st period - Mike Sillinger wins face-off versus Robert Nilsson in Predators zone.
6:17 of 1st period - Snap shot by Marek Svatos.
6:17 of 1st period - Deflect By Robert Nilsson.
6:17 of 1st period - Shot Blocked by Robyn Regehr.
6:17 of 1st period - Puck is out of play.
6:18 of 1st period - Marek Svatos wins face-off versus Mike Sillinger in Predators zone.
6:23 of 1st period - Snap shot by Mike York.
6:23 of 1st period - Goal by Mike York - Predators : 0 - Canadiens : 1.
6:24 of 1st period - Viktor Kozlov wins face-off versus Joe Thornton in neutral zone.
6:27 of 1st period - Michael Grabner is hit by Tomas Holmstrom and loses puck.
6:40 of 1st period - Wrist shot by Tomas Holmstrom.
6:40 of 1st period - Stopped by Nikolai Khabibulin with a rebound.
7:03 of 1st period - Backhand shot by Tyler Arnason.
7:03 of 1st period - Shot Misses the Net.
7:36 of 1st period - Wrist shot by Ryan Bayda.
7:36 of 1st period - Deflect By Michel Ouellet.
7:36 of 1st period - Stopped by Nikolai Khabibulin with a rebound.
7:38 of 1st period - Slapshot by Duncan Keith.
7:38 of 1st period - Shot Misses the Net.
7:40 of 1st period - Slapshot by Éric Desjardins.
7:40 of 1st period - Stopped by Nikolai Khabibulin without a rebound.
7:41 of 1st period - Mikael Samuelsson wins face-off versus Viktor Kozlov in Predators zone.
7:46 of 1st period - Tomas Holmstrom is hit by Chris Simon and loses puck.
7:53 of 1st period - Slapshot by Duncan Keith.
7:53 of 1st period - Stopped by Nikolai Khabibulin with a rebound.
7:55 of 1st period - Snap shot by Viktor Kozlov.
7:55 of 1st period - Stopped by Nikolai Khabibulin with a rebound.
7:57 of 1st period - Slapshot by Duncan Keith.
7:57 of 1st period - Stopped by Nikolai Khabibulin with a rebound.
8:07 of 1st period - Éric Desjardins is hit by Alexander Steen and loses puck.
8:30 of 1st period - Mariusz Czerkawski is hit by Jeff Woywitka and loses puck.
8:46 of 1st period - Minor Penalty to Ryane Clowe for Roughing.
8:47 of 1st period - Joe Thornton wins face-off versus Robert Nilsson in Canadiens zone.
8:57 of 1st period - Wrist shot by Alexander Ovechkin.
8:57 of 1st period - Shot Blocked by Éric Desjardins.
8:59 of 1st period - Slapshot by Ryan Mcdonagh.
8:59 of 1st period - Deflect By Alexander Ovechkin.
8:59 of 1st period - Shot Blocked by Éric Desjardins.
8:59 of 1st period - Puck is out of play.
9:00 of 1st period - Joe Thornton wins face-off versus Robert Nilsson in Canadiens zone.
9:13 of 1st period - Wrist shot by Alexander Ovechkin.
9:13 of 1st period - Stopped by Kari Lehtonen with a rebound.
9:35 of 1st period - Wrist shot by Alexander Steen.
9:35 of 1st period - Stopped by Kari Lehtonen with a rebound.
9:37 of 1st period - Slapshot by Ryan Mcdonagh.
9:37 of 1st period - Stopped by Kari Lehtonen with a rebound.
9:39 of 1st period - Wrist shot by Alexander Steen.
9:39 of 1st period - Goal by Alexander Steen - Predators : 1 - Canadiens : 1.
9:40 of 1st period - Yan Stastny wins face-off versus Joe Thornton in neutral zone.
10:01 of 1st period - Icing by Ryan Bayda.
10:02 of 1st period - Yan Stastny wins face-off versus Mike Ribeiro in Canadiens zone.
10:13 of 1st period - Jean-Pierre Dumont is hit by Michel Ouellet and loses puck.
10:30 of 1st period - Minor Penalty to Barret Jackman for Boarding.
10:31 of 1st period - Mike Sillinger wins face-off versus Robert Nilsson in Predators zone.
10:40 of 1st period - Mike Sillinger is hit by Marek Svatos and loses puck.
12:30 of 1st period - Penalty to Barret Jackman is over, Barret Jackman is back on ice.
12:58 of 1st period - Minor Penalty to Ryane Clowe for Hooking.
12:58 of 1st period - Minor Penalty to Barret Jackman for Cross-checking.
12:59 of 1st period - Joe Thornton wins face-off versus Robert Nilsson in neutral zone.
13:06 of 1st period - Snap shot by Joe Thornton.
13:06 of 1st period - Shot Blocked by Duncan Keith.
13:08 of 1st period - Slapshot by Ryan Mcdonagh.
13:08 of 1st period - Stopped by Kari Lehtonen without a rebound.
13:09 of 1st period - Joe Thornton wins face-off versus Robert Nilsson in Canadiens zone.
13:18 of 1st period - Slapshot by Duncan Keith.
13:18 of 1st period - Deflect By Robert Nilsson.
13:18 of 1st period - Stopped by Nikolai Khabibulin with a rebound.
13:28 of 1st period - Snap shot by Alexander Ovechkin.
13:28 of 1st period - Shot Misses the Net.
13:30 of 1st period - Snap shot by Joe Thornton.
13:30 of 1st period - Stopped by Kari Lehtonen without a rebound.
13:31 of 1st period - Joe Thornton wins face-off versus Robert Nilsson in Canadiens zone.
13:32 of 1st period - Snap shot by Alexander Ovechkin.
13:32 of 1st period - Stopped by Kari Lehtonen without a rebound.
13:33 of 1st period - Robert Nilsson wins face-off versus Joe Thornton in Canadiens zone.
13:40 of 1st period - Slapshot by Robert Nilsson.
13:40 of 1st period - Shot Blocked by Joe Thornton.
13:50 of 1st period - Alexander Ovechkin is hit by Duncan Keith and loses puck.
14:00 of 1st period - Icing by Viktor Kozlov.
14:01 of 1st period - Joe Thornton wins face-off versus Mike York in Canadiens zone.
14:38 of 1st period - Snap shot by Robert Nilsson.
14:38 of 1st period - Deflect By Tyler Arnason.
14:38 of 1st period - Shot Misses the Net.
14:38 of 1st period - Puck is out of play.
14:39 of 1st period - Mike York wins face-off versus Mike Ribeiro in Predators zone.
14:54 of 1st period - Wrist shot by Jean-Pierre Dumont.
14:54 of 1st period - Stopped by Kari Lehtonen with a rebound.
14:58 of 1st period - Penalty to Ryane Clowe is over, Ryane Clowe is back on ice.
14:58 of 1st period - Penalty to Barret Jackman is over, Barret Jackman is back on ice.
15:06 of 1st period - Wrist shot by Adrian Aucoin.
15:06 of 1st period - Shot Blocked by Éric Desjardins.
15:08 of 1st period - Slapshot by Adrian Aucoin.
15:08 of 1st period - Shot Blocked by Tomas Holmstrom.
15:10 of 1st period - Wrist shot by Mike Sillinger.
15:10 of 1st period - Goal by Mike Sillinger - Predators : 2 - Canadiens : 1.
15:11 of 1st period - Joe Thornton wins face-off versus Robert Nilsson in neutral zone.
16:07 of 1st period - Icing by Barret Jackman.
16:08 of 1st period - Robert Nilsson wins face-off versus Mike Sillinger in Predators zone.
16:21 of 1st period - Snap shot by Mike Sillinger.
16:21 of 1st period - Stopped by Kari Lehtonen without a rebound.
16:22 of 1st period - Joe Thornton wins face-off versus Robert Nilsson in Canadiens zone.
16:23 of 1st period - Snap shot by Alexander Ovechkin.
16:23 of 1st period - Stopped by Kari Lehtonen with a rebound.
16:25 of 1st period - Slapshot by Robyn Regehr.
16:25 of 1st period - Stopped by Kari Lehtonen with a rebound.
16:38 of 1st period - Minor Penalty to Joe Thornton for Holding Stick.
16:39 of 1st period - Mike Sillinger wins face-off versus Robert Nilsson in Predators zone.
16:52 of 1st period - Slapshot by Adrian Aucoin.
16:52 of 1st period - Deflect By Mike Sillinger.
16:52 of 1st period - Shot Misses the Net.
16:52 of 1st period - Puck is out of play.
16:53 of 1st period - Robert Nilsson wins face-off versus Mike Sillinger in Canadiens zone.
17:22 of 1st period - Backhand shot by Tomas Holmstrom.
17:22 of 1st period - Goal by Tomas Holmstrom - Predators : 2 - Canadiens : 2.
17:23 of 1st period - Robert Nilsson wins face-off versus Joe Thornton in neutral zone.
17:54 of 1st period - Wrist shot by Adrian Aucoin.
17:54 of 1st period - Shot Misses the Net.
18:14 of 1st period - Snap shot by Tyler Arnason.
18:14 of 1st period - Stopped by Nikolai Khabibulin without a rebound.
18:15 of 1st period - Robert Nilsson wins face-off versus Mike Sillinger in Predators zone.
18:27 of 1st period - Slapshot by Marek Svatos.
18:27 of 1st period - Stopped by Nikolai Khabibulin with a rebound.
18:29 of 1st period - Snap shot by Mike York.
18:29 of 1st period - Shot Blocked by Chris Simon.
18:47 of 1st period - Wrist shot by Alexander Ovechkin.
18:47 of 1st period - Shot Misses the Net.
18:49 of 1st period - Wrist shot by Alexander Ovechkin.
18:49 of 1st period - Stopped by Kari Lehtonen without a rebound.
18:50 of 1st period - Mike Ribeiro wins face-off versus Robert Nilsson in Canadiens zone.
19:24 of 1st period - Wrist shot by Joe Thornton.
19:24 of 1st period - Stopped by Kari Lehtonen without a rebound.
19:25 of 1st period - Robert Nilsson wins face-off versus Joe Thornton in Canadiens zone.
19:25 of 1st period - Robert Nilsson is hit by Alexander Ovechkin.
19:59 of 1st period - Slapshot by Mike York.
19:59 of 1st period - Goal by Mike York - Predators : 2 - Canadiens : 3.
2nd period
0:01 of 2nd period - Robert Nilsson wins face-off versus Joe Thornton in neutral zone.
0:26 of 2nd period - Alexander Steen is hit by Tyler Arnason and loses puck.
0:33 of 2nd period - Snap shot by Ryane Clowe.
0:33 of 2nd period - Stopped by Nikolai Khabibulin with a rebound.
0:35 of 2nd period - Slapshot by Tyler Sloan.
0:35 of 2nd period - Stopped by Nikolai Khabibulin without a rebound.
0:36 of 2nd period - Mike Ribeiro wins face-off versus Viktor Kozlov in Predators zone.
1:03 of 2nd period - Snap shot by Robert Nilsson.
1:03 of 2nd period - Deflect By Marek Svatos.
1:03 of 2nd period - Stopped by Nikolai Khabibulin with a rebound.
1:25 of 2nd period - Slapshot by Joe Thornton.
1:25 of 2nd period - Stopped by Kari Lehtonen without a rebound.
1:26 of 2nd period - Mike Sillinger wins face-off versus Tyler Arnason in Canadiens zone.
2:55 of 2nd period - Tyler Arnason is hit by Chris Simon and loses puck.
3:00 of 2nd period - Wrist shot by Mikael Samuelsson.
3:00 of 2nd period - Shot Blocked by Ryane Clowe.
3:23 of 2nd period - Icing by Ryan Mcdonagh.
3:24 of 2nd period - Mike Sillinger wins face-off versus Robert Nilsson in Predators zone.
3:54 of 2nd period - Wrist shot by Joe Thornton.
3:54 of 2nd period - Shot Misses the Net.
3:56 of 2nd period - Slapshot by Kent Huskins.
3:56 of 2nd period - Stopped by Kari Lehtonen with a rebound.
4:16 of 2nd period - Éric Desjardins is hit by Oleg Saprykin and loses puck.
4:25 of 2nd period - Slapshot by Adrian Aucoin.
4:25 of 2nd period - Shot Misses the Net.
5:33 of 2nd period - Snap shot by Jean-Pierre Dumont.
5:33 of 2nd period - Stopped by Kari Lehtonen with a rebound.
5:35 of 2nd period - Wrist shot by Jean-Pierre Dumont.
5:35 of 2nd period - Shot Blocked by Patrick Eaves.
7:47 of 2nd period - Snap shot by Jean-Pierre Dumont.
7:47 of 2nd period - Stopped by Kari Lehtonen with a rebound.
8:38 of 2nd period - Paul Mara is hit by Tyler Sloan and loses puck.
9:59 of 2nd period - Slapshot by Barret Jackman.
9:59 of 2nd period - Stopped by Kari Lehtonen with a rebound.
10:26 of 2nd period - Wrist shot by Mike Ribeiro.
10:26 of 2nd period - Stopped by Kari Lehtonen without a rebound.
10:27 of 2nd period - Joe Thornton wins face-off versus Viktor Kozlov in Canadiens zone.
11:01 of 2nd period - Wrist shot by Mike Ribeiro.
11:01 of 2nd period - Stopped by Kari Lehtonen without a rebound.
11:02 of 2nd period - Viktor Kozlov wins face-off versus Mike Ribeiro in Canadiens zone.
11:13 of 2nd period - Wrist shot by Jean-Pierre Dumont.
11:13 of 2nd period - Stopped by Kari Lehtonen without a rebound.
11:14 of 2nd period - Joe Thornton wins face-off versus Robert Nilsson in Canadiens zone.
11:15 of 2nd period - Wrist shot by Alexander Ovechkin.
11:15 of 2nd period - Stopped by Kari Lehtonen without a rebound.
11:16 of 2nd period - Joe Thornton wins face-off versus Robert Nilsson in Canadiens zone.
11:18 of 2nd period - Minor Penalty to Mike York for Holding.
11:19 of 2nd period - Robert Nilsson wins face-off versus Joe Thornton in Canadiens zone.
11:27 of 2nd period - Off-side.
11:28 of 2nd period - Robert Nilsson wins face-off versus Joe Thornton in neutral zone.
13:18 of 2nd period - Penalty to Mike York is over, Mike York is back on ice.
13:32 of 2nd period - Wrist shot by Michel Ouellet.
13:32 of 2nd period - Stopped by Nikolai Khabibulin with a rebound.
14:09 of 2nd period - Kent Huskins is hit by Patrick Eaves and loses puck.
14:50 of 2nd period - Alexander Steen is hit by Richard Zednik and loses puck.
15:20 of 2nd period - Barret Jackman is hit by Mike York and loses puck.
15:33 of 2nd period - Michel Ouellet is hit by Michael Grabner and loses puck.
15:48 of 2nd period - Wrist shot by Viktor Kozlov.
15:48 of 2nd period - Goal by Viktor Kozlov - Predators : 2 - Canadiens : 4.
15:49 of 2nd period - Robert Nilsson wins face-off versus Joe Thornton in neutral zone.
17:00 of 2nd period - Oleg Saprykin is hit by Ryan Bayda and loses puck.
17:20 of 2nd period - Off-side.
17:21 of 2nd period - Robert Nilsson wins face-off versus Joe Thornton in neutral zone.
17:48 of 2nd period - Duncan Keith is hit by Ryan Mcdonagh and loses puck.
18:01 of 2nd period - Snap shot by Viktor Kozlov.
18:01 of 2nd period - Stopped by Nikolai Khabibulin without a rebound.
18:02 of 2nd period - Tyler Arnason wins face-off versus Joe Thornton in Predators zone.
18:03 of 2nd period - Snap shot by Patrick Eaves.
18:03 of 2nd period - Deflect By Alexander Ovechkin.
18:03 of 2nd period - Shot Blocked by Adrian Aucoin.
18:03 of 2nd period - Puck is out of play.
18:04 of 2nd period - Joe Thornton wins face-off versus Tyler Arnason in Predators zone.
18:29 of 2nd period - Marek Svatos is hit by Mike Ribeiro and loses puck.
18:38 of 2nd period - Wrist shot by Alexander Steen.
18:38 of 2nd period - Shot Blocked by Mike York.
19:29 of 2nd period - Wrist shot by Yan Stastny.
19:29 of 2nd period - Shot Misses the Net.
19:31 of 2nd period - Slapshot by Duncan Keith.
19:31 of 2nd period - Shot Misses the Net.
19:33 of 2nd period - Slapshot by Éric Desjardins.
19:33 of 2nd period - Stopped by Nikolai Khabibulin without a rebound.
19:34 of 2nd period - Joe Thornton wins face-off versus Tyler Arnason in Predators zone.
19:39 of 2nd period - Slapshot by Patrick Eaves.
19:39 of 2nd period - Shot Misses the Net.
19:41 of 2nd period - Snap shot by Tyler Arnason.
19:41 of 2nd period - Stopped by Nikolai Khabibulin without a rebound.
19:42 of 2nd period - Joe Thornton wins face-off versus Robert Nilsson in Predators zone.
3rd period
0:01 of 3rd period - Joe Thornton wins face-off versus Robert Nilsson in neutral zone.
1:07 of 3rd period - Slapshot by Alexander Ovechkin.
1:07 of 3rd period - Stopped by Kari Lehtonen without a rebound.
1:08 of 3rd period - Joe Thornton wins face-off versus Robert Nilsson in Canadiens zone.
2:02 of 3rd period - Snap shot by Patrick Eaves.
2:02 of 3rd period - Shot Blocked by Kent Huskins.
2:04 of 3rd period - Slapshot by Tomas Kloucek.
2:04 of 3rd period - Stopped by Nikolai Khabibulin with a rebound.
2:06 of 3rd period - Wrist shot by Ryane Clowe.
2:06 of 3rd period - Shot Misses the Net.
2:08 of 3rd period - Slapshot by Tyler Arnason.
2:08 of 3rd period - Stopped by Nikolai Khabibulin with a rebound.
2:18 of 3rd period - Oleg Saprykin is hit by Ryan Bayda and loses puck.
2:33 of 3rd period - Oleg Saprykin is hit by Michel Ouellet and loses puck.
2:44 of 3rd period - Mike York is hit by Michael Grabner and loses puck.
3:14 of 3rd period - Snap shot by Mike Ribeiro.
3:14 of 3rd period - Shot Blocked by Viktor Kozlov.
3:16 of 3rd period - Slapshot by Ryan Mcdonagh.
3:16 of 3rd period - Stopped by Kari Lehtonen with a rebound.
3:18 of 3rd period - Slapshot by Mike Ribeiro.
3:18 of 3rd period - Stopped by Kari Lehtonen with a rebound.
4:12 of 3rd period - Michael Grabner is hit by Jeff Woywitka and loses puck.
4:41 of 3rd period - Alexander Steen is hit by Tomas Holmstrom and loses puck.
4:54 of 3rd period - Alexander Steen is hit by Patrick Eaves and loses puck.
5:34 of 3rd period - Wrist shot by Adrian Aucoin.
5:34 of 3rd period - Shot Misses the Net.
5:36 of 3rd period - Slapshot by Barret Jackman.
5:36 of 3rd period - Stopped by Kari Lehtonen with a rebound.
5:38 of 3rd period - Slapshot by Kent Huskins.
5:38 of 3rd period - Stopped by Kari Lehtonen with a rebound.
5:40 of 3rd period - Slapshot by Barret Jackman.
5:40 of 3rd period - Shot Blocked by Tyler Sloan.
5:46 of 3rd period - Snap shot by Michael Grabner.
5:46 of 3rd period - Goal by Michael Grabner - Predators : 3 - Canadiens : 4.
5:47 of 3rd period - Joe Thornton wins face-off versus Robert Nilsson in neutral zone.
5:51 of 3rd period - Minor Penalty to Michael Grabner for Interference.
5:52 of 3rd period - Mike Sillinger wins face-off versus Robert Nilsson in Predators zone.
6:54 of 3rd period - Off-side.
6:55 of 3rd period - Robert Nilsson wins face-off versus Oleg Saprykin in neutral zone.
7:31 of 3rd period - Oleg Saprykin is hit by Viktor Kozlov and loses puck.
7:51 of 3rd period - Penalty to Michael Grabner is over, Michael Grabner is back on ice.
8:27 of 3rd period - Slapshot by Michel Ouellet.
8:27 of 3rd period - Shot Blocked by Joe Thornton.
8:29 of 3rd period - Slapshot by Duncan Keith.
8:29 of 3rd period - Stopped by Nikolai Khabibulin with a rebound.
8:31 of 3rd period - Slapshot by Duncan Keith.
8:31 of 3rd period - Deflect By Michel Ouellet.
8:31 of 3rd period - Stopped by Nikolai Khabibulin without a rebound.
8:32 of 3rd period - Viktor Kozlov wins face-off versus Joe Thornton in Predators zone.
8:40 of 3rd period - Minor Penalty to Joe Thornton for Holding.
8:41 of 3rd period - Mike York wins face-off versus Mike Sillinger in Predators zone.
8:42 of 3rd period - Snap shot by Marek Svatos.
8:42 of 3rd period - Stopped by Nikolai Khabibulin with a rebound.
8:44 of 3rd period - Slapshot by Jeff Woywitka.
8:44 of 3rd period - Shot Blocked by Robyn Regehr.
8:46 of 3rd period - Wrist shot by Robert Nilsson.
8:46 of 3rd period - Shot Misses the Net.
8:48 of 3rd period - Snap shot by Mike York.
8:48 of 3rd period - Stopped by Nikolai Khabibulin without a rebound.
8:49 of 3rd period - Robert Nilsson wins face-off versus Mike Sillinger in Predators zone.
9:35 of 3rd period - Snap shot by Mike York.
9:35 of 3rd period - Stopped by Nikolai Khabibulin without a rebound.
9:36 of 3rd period - Viktor Kozlov wins face-off versus Todd White in Predators zone.
9:37 of 3rd period - Wrist shot by Tomas Holmstrom.
9:37 of 3rd period - Stopped by Nikolai Khabibulin without a rebound.
9:38 of 3rd period - Todd White wins face-off versus Viktor Kozlov in Predators zone.
10:40 of 3rd period - Penalty to Joe Thornton is over, Joe Thornton is back on ice.
10:47 of 3rd period - Slapshot by Tyler Sloan.
10:47 of 3rd period - Stopped by Nikolai Khabibulin without a rebound.
10:48 of 3rd period - Joe Thornton wins face-off versus Tyler Arnason in Predators zone.
11:13 of 3rd period - Snap shot by Michel Ouellet.
11:13 of 3rd period - Stopped by Nikolai Khabibulin with a rebound.
11:35 of 3rd period - Michael Grabner is hit by Shane O'Brien and loses puck.
11:54 of 3rd period - Backhand shot by Richard Zednik.
11:54 of 3rd period - Shot Blocked by Ryan Mcdonagh.
12:20 of 3rd period - Snap shot by Alexander Steen.
12:20 of 3rd period - Shot Blocked by Patrick Eaves.
12:26 of 3rd period - Snap shot by Alexander Steen.
12:26 of 3rd period - Shot Misses the Net.
12:27 of 3rd period - Minor Penalty to Ryane Clowe for Hooking.
12:28 of 3rd period - Mike Ribeiro wins face-off versus Robert Nilsson in Canadiens zone.
12:33 of 3rd period - Snap shot by Mike Ribeiro.
12:33 of 3rd period - Shot Blocked by Éric Desjardins.
12:43 of 3rd period - Wrist shot by Oleg Saprykin.
12:43 of 3rd period - Shot Misses the Net.
14:21 of 3rd period - Oleg Saprykin is hit by Duncan Keith and loses puck.
14:27 of 3rd period - Penalty to Ryane Clowe is over, Ryane Clowe is back on ice.
14:36 of 3rd period - Yan Stastny is hit by Mikael Samuelsson and loses puck.
14:58 of 3rd period - Icing by Richard Zednik.
14:59 of 3rd period - Mike Ribeiro wins face-off versus Viktor Kozlov in Canadiens zone.
15:19 of 3rd period - Minor Penalty to Tomas Kloucek for Cross-checking.
15:20 of 3rd period - Joe Thornton wins face-off versus Robert Nilsson in Canadiens zone.
17:19 of 3rd period - Penalty to Tomas Kloucek is over, Tomas Kloucek is back on ice.
17:40 of 3rd period - Snap shot by Alexander Ovechkin.
17:40 of 3rd period - Stopped by Kari Lehtonen with a rebound.
17:42 of 3rd period - Slapshot by Alexander Ovechkin.
17:42 of 3rd period - Shot Blocked by Viktor Kozlov.
17:44 of 3rd period - Slapshot by Robyn Regehr.
17:44 of 3rd period - Stopped by Kari Lehtonen without a rebound.
17:45 of 3rd period - Mike Sillinger wins face-off versus Tyler Arnason in Canadiens zone.
17:58 of 3rd period - Chris Simon is hit by Jeff Woywitka and loses puck.
18:32 of 3rd period - Wrist shot by Barret Jackman.
18:32 of 3rd period - Shot Misses the Net.
18:34 of 3rd period - Snap shot by Mariusz Czerkawski.
18:34 of 3rd period - Shot Misses the Net.
18:55 of 3rd period - Major Penalty to Paul Mara for Kneeing.
18:56 of 3rd period - Robert Nilsson wins face-off versus Mike Sillinger in Predators zone.
19:23 of 3rd period - Slapshot by Tyler Sloan.
19:23 of 3rd period - Shot Misses the Net.
Output by the SimonT Hockey Simulator (STHS) for François Prévost -- Original Page W3C XHTML 1.0 Valid